 Dungeon Crawl Stone Soup version 0.30-a0-1124-g6e8f0f562f (webtiles) character file.

Game seed: 17683388611811584589

32 dave1331 the Trooper (level 3, -1/33 HPs)
             Began as a Hill Orc Fighter on Apr 24, 2023.
             Slain by Sigmund
             ... wielding a +2 scythe of holy wrath
              (7 damage)
             ... on level 2 of the Dungeon.
             The game lasted 00:04:32 (1299 turns).

dave1331 the Trooper (Hill Orc Fighter)             Turns: 1299, Time: 00:04:33

Health: -1/33      AC: 10    Str: 20    XL:     3   Next: 27%
Magic:  3/3        EV:  9    Int:  8    God:
Gold:   143        SH:  0    Dex: 10    Spells: 2/2 levels left

rFire   . . .        a - +0 trident
rCold   . . .        c - +0 buckler
rNeg    . . .        b - +0 scale mail
rPois   .            (no helmet)
rElec   .            (no cloak)
rCorr   .            g - +2 pair of gloves
SInv    .            (no boots)
Will    .....        (no amulet) Stlth
                     (no ring)
HPRegen 0.25/turn    (no ring)
MPRegen 0.08/turn

%: no passive effects
@: confused
A: no striking features
a: no special abilities


You were on level 2 of the Dungeon.
You visited 1 branch of the dungeon, and saw 2 of its levels.

You collected 143 gold pieces.

Inventory:

Hand Weapons
 a - a +0 trident (weapon)
Armour
 b - a +0 scale mail (worn)
 c - a +0 buckler (worn)
 g - a +2 pair of gloves (worn)
Scrolls
 f - a scroll of amnesia {unknown}
 i - a scroll of fear {unknown}
 j - a scroll of vulnerability {unknown}
 l - a scroll of teleportation {unknown}
 m - a scroll of identify {unknown}
Potions
 d - 2 potions of might
 e - a potion of mutation {unknown}
 h - a potion of heal wounds {unknown}
 k - a potion of curing {unknown}
 n - a potion of attraction {unknown}


   Skills:
 + Level 4.1 Fighting
 + Level 2.7 Polearms
 + Level 3.6 Armour
 + Level 3.7 Shields


You had 2 spell levels left.
You didn't know any spells.
Your spell library was empty.

Dungeon Overview and Level Annotations

Branches:
Dungeon (2/15)

Altars:

Annotations:
D:2 Sigmund


Message History

Sigmund gestures at you while chanting. The magic dart hits you!
You hit Sigmund.
Sigmund is lightly wounded.
Sigmund hits you but does no damage.
You barely miss Sigmund.
Sigmund is lightly wounded.
Sigmund hits you but does no damage.
You hit Sigmund.
Sigmund is lightly wounded.
You hit Sigmund.
Sigmund is moderately wounded.
Sigmund hits you with a +2 scythe of holy wrath.
You closely miss Sigmund.
Sigmund is moderately wounded.
Sigmund hits you but does no damage.
You hit Sigmund.
Sigmund is moderately wounded.
Sigmund hits you with a +2 scythe of holy wrath.
* * * LOW HITPOINT WARNING * * *
You hit Sigmund.
Sigmund is moderately wounded.
Sigmund screams, "Die, monster!"
Sigmund casts a spell at you. You resist with significant effort.
You closely miss Sigmund.
Sigmund is moderately wounded.
Sigmund hits you with a +2 scythe of holy wrath.
* * * LOW HITPOINT WARNING * * *
You hit Sigmund.
Sigmund is moderately wounded.
Sigmund points at you and mumbles some strange words.
You are confused.
Sigmund barely misses you.
You bump into the rock wall.
Sigmund gestures at you while chanting. The magic dart hits you.
* * * LOW HITPOINT WARNING * * *
Sigmund hits you with a +2 scythe of holy wrath!
You die...

#...........#
###...####.#.#
#########.###
#..........#..
#.#
#.###....###..
#.# #.#
#......#.# #.#
#.# #....#..>.
#.# ...#
##########
######.#####...#
............@...#
...........@..#.#
..............#
#####....)....#
#.........#
#.........#
###.........
#.######### #[ #.


You could see Sigmund.

Vanquished Creatures
  A dart slug (D:1)
  An endoplasm (D:1)
  3 giant cockroaches (D:1)
  A goblin (D:1)
  A hobgoblin (D:1)
  4 jackals (D:1)
  4 kobolds (D:1)
  A quokka (D:2)
  2 ball pythons
  5 bats
  A frilled lizard (D:1)
  4 rats
  A spectral kobold (D:2)
29 creatures vanquished.

Notes
Turn   | Place    | Note
-------+----------+-------------------------------------------
     0 | D:1      | dave1331 the Hill Orc Fighter began the quest for the Orb.
     0 | D:1      | Reached XP level 1. HP: 19/19 MP: 1/1
   171 | D:1      | Reached XP level 2. HP: 27/27 MP: 2/2
   311 | D:1      | Reached skill level 4 in Fighting
   404 | D:1      | Reached XP level 3. HP: 29/33 MP: 3/3
  1175 | D:2      | Found a faded altar of an unknown god.
  1278 | D:2      | Noticed Sigmund
  1299 | D:2      | Slain by Sigmund

Illustrated notes

Levels and vault maps discovered:
D:1:      dpeg_arrival_simpleton_b, layout_basic, minmay_split_cup_small
D:2:      layout_basic, dreamdust_ecumenical_altar_drowned_temple, uniq_sigmund

Skill      XL: |  1  2 |
---------------+-------+-----
Fighting       | 4 |  4.1
Polearms       | |  2.7
Armour         | |  3.6
Shields        | |  3.7

Action                     || total
---------------------------++-------
  Melee: Trident           ||    91
 Armour: Scale mail        ||    74
  Dodge: Dodged            ||    60
  Block: Buckler           ||    24

Table legend: (Time is in decaauts)
 A = Elapsed time spent in this place.
 B = Non-inter-level travel time spent in this place.
 C = Inter-level travel time spent in this place.
 D = Time resting spent in this place.
 E = Time spent auto-exploring this place.
 F = Levels seen in this place.
 G = Mean time per level.
                   A        B        C        D        E       F      G
               +--------+--------+--------+--------+--------+-----+--------+
         Total |   1321 |   1243 |     78 |      0 |    999 |   2 |  660.5 |
       Dungeon |   1321 |   1243 |     78 |      0 |    999 |   2 |  660.5 |
               +--------+--------+--------+--------+--------+-----+--------+

Top non-repeatable levels by time:
     D:1: 934 daAuts
     D:2: 386 daAuts
